 Dungeon Crawl Stone Soup version bcrawl-1.21.2-28-g2cb1824106 (webtiles) character file.

Game seed: 7272045842865305649

107 MisterOstroum the Poker (level 4, 35/35 HPs)
             Began as a Merfolk Skald on Mar 6, 2020.
             Was a Follower of Fedhas.
             Quit the game on level 3 of the Dungeon.
             The game lasted 00:04:36 (2902 turns).

MisterOstroum the Poker (Merfolk Skald)             Turns: 2902, Time: 00:04:37

Health: 35/35      AC:  3    Str: 12    XL:     4   Next: 86%
Magic:  7/7        EV: 13    Int: 12    God:    Fedhas [*.....]
Gold:   205        SH:  0    Dex: 13    Spells: 1/7 levels left

rFire    . . .     SeeInvis .   a - +0 spear
rCold    . . .     Gourm    .   (no shield)
rNeg     . . .     Faith    .   n - +0 robe (curse)
rPois    .         Spirit   .   (no helmet)
rElec    .         Reflect  .   f - +0 cloak (curse)
rCorr    .         Harm     .   (no gloves)
MR       .....                  (no boots)
Stlth    +.........             (no amulet)
HPRegen  0.11/turn              (no ring)
MPRegen  0.10/turn              (no ring)

@: no status effects
A: change form in water, swift swim, stealthy swim
a: Fungal Bloom, Sunlight, Renounce Religion


You were on level 3 of the Dungeon.
You worshipped Fedhas.
Fedhas was aware of your devotion.
You were not hungry.

You visited 1 branch of the dungeon, and saw 3 of its levels.

You collected 205 gold pieces.

Inventory:

Hand Weapons
 a - a +0 spear (weapon)
Missiles
 l - 458 stones (quivered)
 m - 308 bolts
 p - 57 javelins
Armour
 b - a +0 leather armour
 f - a cursed +0 cloak (worn)
 n - a cursed +0 robe (worn)
Jewellery
 g - an uncursed amulet of the acrobat {unknown}
Scrolls
 d - 2 scrolls of fear {!r}
 i - 2 scrolls of teleportation {unknown}
 k - 2 scrolls of remove curse {unknown}
 o - 2 scrolls of identify {unknown}
 q - a scroll of enchant weapon {unknown}
 t - a scroll of enchant armour {unknown}
Potions
 c - 2 potions of might {unknown}
 h - a potion of ambrosia {unknown}
 j - 2 potions of heal wounds {unknown}
 r - 2 potions of mutation {unknown}
 s - a potion of agility {unknown}
Comestibles
 e - 4 rations {!d}
 u - 3 chunks of flesh


   Skills:
 * Level 3.4 Fighting
 * Level 4.8 Polearms
 - Level 0.6 Armour
 - Level 2.6 Dodging
 - Level 2.3 Spellcasting
 + Level 1.0 Hexes
 + Level 3.7 Charms


You had one spell level left.
You knew the following spells:

 Your Spells              Type           Power        Failure   Level  Hunger
a - Infusion              Chrm           ##......     5%          1    ##.....
b - Song of Slaying       Chrm           ##......     9%          2    ###....
c - Spectral Weapon       Hex/Chrm       #.......     28%         3    ####...

Your spell library contained the following spells:

 Spells                   Type           Power        Failure   Level  Hunger
 Ozocubu's Armour         Chrm/Ice       #.......     36%         3    ####...
 Regeneration             Chrm/Necr      #.........   36%         3    ####...


Dungeon Overview and Level Annotations

Branches:
Dungeon (3/12)

Altars:
Fedhas
Kikubaaqudgha
Vehumet
Wu Jian


Message History

The orc closely misses you.
You hit the orc but do no damage.
The orc is almost dead.
The orc hits you.
Casting: Infusion (safe; 5% risk of failure)
Confirm with . or Enter, or press ? or * to list all spells.
You begin infusing your attacks with magical energy.
The orc hits you.
You hit the orc.
You kill the orc!
Fedhas appreciates your composting.
No target in view!
No target in view!
Things that are here:
a +0 ring mail; an orc corpse
Okay, then.
A toadstool grows at your feet.
A toadstool grows from a nearby corpse.
Your magical infusion is running out.
A nearby toadstool withers and dies.
You are no longer magically infusing your attacks.
A nearby toadstool withers and dies.
Found a short glowing staff.
You now have 191 gold pieces (gained 17).
A hobgoblin comes into view.
Found a ring mail.
A hobgoblin is nearby!
A hobgoblin is nearby!
The hobgoblin shouts!
You hit the hobgoblin but do no damage. The hobgoblin hits you.
You hit the hobgoblin.
The hobgoblin is almost dead.
The hobgoblin hits you but does no damage.
You hit the hobgoblin but do no damage.
The hobgoblin is almost dead.
The hobgoblin hits you but does no damage.
You closely miss the hobgoblin.
The hobgoblin is almost dead.
You barely miss the hobgoblin.
The hobgoblin is almost dead.
The hobgoblin hits you.
You hit the hobgoblin.
You kill the hobgoblin!
Fedhas appreciates your composting.
No target in view!
No target in view!
No target in view!
No target in view!
You open the door. You open the door.
You walk carefully through the plants.
You walk carefully through the plants.
o - 2 scrolls labeled SUIF OPEDYTOTS (gained 1)
t - a scroll labeled WUEVIZU YCHUH Key pressed, stopping explore.
You see here a dagger.
You are feeling hungry.
No target in view!
No target in view!
No target in view!
No target in view!
No target in view!
A kobold comes into view. It is wielding a +0 whip.
The kobold shouts!
A kobold is nearby!
Okay, then.
Press: ? - help, . - travel You can't see that place. [a rock wall.]
Casting: Infusion (safe; 5% risk of failure)
Confirm with . or Enter, or press ? or * to list all spells.
You begin infusing your attacks with magical energy.
An orc comes into view.
The orc shouts!
You hit the kobold.
You kill the kobold!
Fedhas appreciates your composting.
A killer bee zombie comes into view.
Things that are here:
a +0 whip; a kobold corpse You hit the orc.
The orc is moderately wounded.
The orc closely misses you.
You hit the orc.
You kill the orc!
Fedhas appreciates your composting.
No target in view!
No target in view!
Your magical infusion is running out.
You are no longer magically infusing your attacks.
You butcher the orc corpse.
u - 4 chunks of flesh You see here an orc skeleton. x2
Eating one of 4 chunks of flesh.
You eat one of the 4 chunks of flesh.
This raw flesh tastes terrible.
Found an escape hatch in the floor.
There is an escape hatch in the floor here.
You now have 205 gold pieces (gained 14).
The killer bee zombie is too close now for your liking.
A killer bee zombie is nearby!
Are you sure you want to abandon this character and quit the game? (Confirm with "yes".)

#.#..#..#
#.#
#.#..#
#.# #.#
.# #.#
... #>#
.## #.#
.# #.# ##
#.# #.#
#@# #.#
#.# #.#
#.# #.#
#.# #Z#


You could see a killer bee zombie (wandering).

Vanquished Creatures
  An adder (D:2)
  An ooze (D:2)
  3 worms (D:2)
  3 dart slugs
  8 leopard geckos
  4 orcs
  5 giant cockroaches
  5 goblins
  7 hobgoblins
  8 kobolds
  3 quokkas
  A ball python (D:2)
  8 bats
  3 frilled lizards
  A leopard gecko skeleton (D:3)
  4 rats
65 creatures vanquished.

Vanquished Creatures (others)
  6 toadstools
6 creatures vanquished.

Grand Total: 71 creatures vanquished

Notes
Turn   | Place    | Note
-------+----------+-------------------------------------------
     0 | D:1      | MisterOstroum the Merfolk Skald began the quest for the
                  | Orb.
     0 | D:1      | Reached XP level 1. HP: 16/16 MP: 3/3
   203 | D:1      | Reached XP level 2. HP: 10/23 MP: 0/5
   595 | D:1      | Learned a level 2 spell: Song of Slaying
   636 | D:1      | Reached XP level 3. HP: 24/28 MP: 3/6
   772 | D:1      | Learned a level 3 spell: Spectral Weapon
  1131 | D:1      | Reached skill level 4 in Polearms
  1511 | D:2      | Reached XP level 4. HP: 35/35 MP: 7/7
  1710 | D:2      | Found a faded altar of an unknown god.
  1749 | D:2      | Became a worshipper of Fedhas Madash
  1749 | D:2      | Reached * piety under Fedhas
  2057 | D:2      | Found a radiant altar of Vehumet.
  2057 | D:2      | Found an ornate altar of the Wu Jian Council.
  2554 | D:3      | Found an ancient bone altar of Kikubaaqudgha.
  2573 | D:3      | Reached skill level 1 in Hexes
  2902 | D:3      | Quit the game

Skill      XL: |  1  2  3  4 |
---------------+-------------+-----
Polearms       | 4 |  4.8
Fighting       | 3 |  3.4
Hexes          | 1 |  1.0
Armour         | |  0.6
Dodging        | |  2.6
Spellcasting   | |  2.3
Charms         | |  3.7

Action                   |  1- 3 |  4- 6 || total
-------------------------+-------+-------++-------
Melee: Spear             |   151 |   118 ||   269
 Cast: Infusion          |    13 |     9 ||    22
       Spectral Weapon   |     3 |     1 ||     4
Invok: Fungal Bloom      |       |     7 ||     7
 Stab: Sleeping          |     2 |     1 ||     3
  Eat: Chunk             |     3 |     5 ||     8
Armor: Leather armour    |    19 |       ||    19
       Robe              |    13 |    20 ||    33
Dodge: Dodged            |    86 |    51 ||   137
